 Dungeon Crawl Stone Soup version 0.28.0-1-gb440e238dd (webtiles) character file.

Game seed: 9875428551804992510

214 Woods the Caller (level 5, -4/21 HPs)
             Began as a Felid Summoner on Feb 25, 2022.
             Slain by Duvessa (6 damage)
             ... on level 4 of the Dungeon.
             The game lasted 00:11:47 (6659 turns).

Woods the Caller (Felid Summoner)                   Turns: 6659, Time: 00:11:47

Health: -4/21      AC:  1    Str:  4    XL:     5   Next: 60%
Magic:  2/11       EV: 19    Int: 18    God:
Gold:   204        SH:  0    Dex: 17    Spells: 1/10 levels left
                                        Lives:  0   Deaths: 1

rFire   . . .      SeeInvis +   (weapon unavailable)
rCold   . . .      Faith    .   (shield unavailable)
rNeg    . . .      Spirit   .   (armour unavailable)
rPois   .          Reflect  .   (helmet unavailable)
rElec   .          Harm     .   (cloak unavailable)
rCorr   .          Rampage  .   (gloves unavailable)
Will    +....                   (boots unavailable)
Stlth   +++.......              (no amulet)
HPRegen 0.07/turn               b - ring of willpower
MPRegen 0.12/turn               (no ring)

@: quick
A: very small, claws 1, fangs 3, see invisible, speed 1, shaggy fur 1, stealthy
paws, no weapons or thrown items, no armour, multi-lived
a: no special abilities


You were on level 4 of the Dungeon.
You visited 1 branch of the dungeon, and saw 4 of its levels.

You collected 204 gold pieces.

Inventory:

Jewellery
 b - a ring of willpower (left paw)
Wands
 i - a wand of paralysis (4)
Scrolls
 d - a scroll of brand weapon {unknown}
 e - 2 scrolls of fear
 f - a scroll of immolation
 g - 2 scrolls of vulnerability
 k - 2 scrolls of teleportation {unknown}
Potions
 a - 2 potions of curing {unknown}
 c - a potion of cancellation {unknown}
 h - a potion of ambrosia {unknown}
 j - a potion of haste {unknown}


   Skills:
 + Level 4.8 Dodging
 - Level 5.0 Stealth
 + Level 3.4 Spellcasting
 - Level 5.0 Summonings


You had one spell level left.
You knew the following spells:

 Your Spells              Type           Power      Damage    Failure   Level
a - Summon Small Mammal   Summ           84%        N/A       1%          1
b - Call Imp              Summ           21%        N/A       3%          2
c - Summon Guardian Gole  Hex/Summ       12%        N/A       17%         3
d - Call Canine Familiar  Summ           21%        N/A       6%          3

Your spell library contained the following spells:

 Spells                   Type           Power      Damage    Failure   Level
 Beastly Appendage        Tmut           6%         N/A       16%         1
 Foxfire                  Conj/Fire      12%        2x1d4     16%         1
 Pain                     Necr           12%        1d4       16%         1
 Wereblood                Tmut           3%         N/A       24%         2
 Conjure Flame            Conj/Fire      3%         6-21      43%         3
 Inner Flame              Hex/Fire       3%         N/A       43%         3
 Spider Form              Tmut/Pois      3%         N/A       43%         3
 Summon Lightning Spire   Summ/Air       12%        N/A       50%         4
 Flame Wave               Conj/Fire      3%         2d4       83%         4
 Agony                    Necr           3%         N/A       99%         5
 Excruciating Wounds      Necr           Unusable   N/A       N/A         5

Dungeon Overview and Level Annotations

Branches:
Dungeon (4/15)
 Temple: D:4-7

Altars:

Annotations:
D:2 Sigmund
D:4 Dowan, Duvessa


Innate Abilities, Weirdness & Mutations

You have sharp claws.
You have razor-sharp teeth.
You have supernaturally acute eyesight. (SInv)
You cover ground quickly. (Speed+)
You are covered in fur. (AC +1)
Your paws help you pounce on unaware monsters.
You are incapable of wielding weapons or throwing items.
You cannot wear armour.
You gain extra lives every three experience levels.


Message History

Duvessa is engulfed in blazing flames.
Duvessa hits your hound with a +0 rapier of protection!
Your hound dies!
Your hound's corpse disappears in a puff of smoke!
Casting: Call Canine Familiar (quite dangerous; 6% risk of failure)
Confirm with . or Enter, or press ? or * to list all spells.
You closely miss Duvessa.
Duvessa is almost dead.
Your bat hits Duvessa but does no damage.
A ball python comes into view.
Duvessa completely misses you.
You closely miss Duvessa. You bite Duvessa, but do no damage.
Duvessa is almost dead.
Your bat closely misses Duvessa.
Dowan says, "Stay away from my face!"
Dowan casts a spell at Duvessa.
Duvessa seems to speed up.
Your bat hits Duvessa.
Duvessa hits your bat with a +0 rapier of protection!
Your bat dies!
Your bat's corpse disappears in a puff of smoke!
Duvessa shouts!
You scratch Duvessa but do no damage.
Duvessa is almost dead.
Duvessa misses you.
You scratch Duvessa but do no damage.
Duvessa is almost dead.
You scratch Duvessa but do no damage.
Duvessa is almost dead.
Duvessa hits you with a +0 rapier of protection!
The ball python misses you. The ball python barely misses you.
Duvessa completely misses you. The ball python completely misses you.
The ball python closely misses you.
Duvessa hits you with a +0 rapier of protection!
* * * LOW HITPOINT WARNING * * *
The ball python misses you. x2
The ball python bites you.
* * * LOW HITPOINT WARNING * * *
The ball python misses you.
Duvessa hits you with a +0 rapier of protection.
You die...

......# #...# #.# ......#
### ####### #.# ......# ..
#.. ####.# #.##### .. #.#
#b...# #.# .## #.# #.####
#.######## ..# #.# #e#
#.##.....# ####.# #.# #.#
#.##.....# #.)#.# #.# #.#
#.##.....##+#..#@###<# #.#
.................e.e.####.#
..............##.#S.......#
....####(........#.########
....# #............# #.###
#............# #.#
#.......###..#
..######............#
..........#'#....(..#


You could see Duvessa (fast), Dowan and a ball python.

Vanquished Creatures
  A hound skeleton (D:4)
  An adder (D:2)
  A dart slug (D:1)
  3 endoplasms
  7 goblins
  2 hobgoblins (D:2)
  2 jackals
  A quokka (D:1)
  3 bats
  2 frilled lizards
  A rat (D:3)
24 creatures vanquished.

Vanquished Creatures (collateral kills)
  A hound (D:4)
  A jelly (D:4)
  Jessica (D:3)
  An iguana (D:4)
  Robin (D:2)
  2 adders
  An adder skeleton (D:4)
  A dart slug (D:2)
  9 orcs (D:3)
  A ball python (D:4)
  6 endoplasms
  3 giant cockroaches
  9 goblins
  6 hobgoblins
  5 jackals
  2 kobolds (D:3)
  3 quokkas
  6 bats
  3 frilled lizards
  3 rats
65 creatures vanquished.

Vanquished Creatures (others)
  A withered plant (D:2)
1 creature vanquished.

Grand Total: 90 creatures vanquished

Notes
Turn   | Place    | Note
-------+----------+-------------------------------------------
     0 | D:1      | Woods the Felid Summoner began the quest for the Orb.
     0 | D:1      | Reached XP level 1. HP: 7/7 MP: 4/4
     0 | D:1      | Noticed an orb of fire
     0 | D:1      | Noticed a shadow dragon
     0 | D:1      | Noticed a tentacled monstrosity
     2 | D:1      | Noticed an orb of fire
     3 | D:1      | Noticed a tentacled monstrosity
     3 | D:1      | Noticed an orb of fire
     5 | D:1      | Noticed an ice dragon
     6 | D:1      | Noticed an iron dragon
     7 | D:1      | Noticed an ice dragon
     8 | D:1      | Noticed an orb of fire
    10 | D:1      | Noticed a large abomination
    10 | D:1      | Noticed a tentacled monstrosity
    12 | D:1      | Noticed a shadow dragon
    14 | D:1      | Noticed an iron dragon
    16 | D:1      | Noticed a tentacled monstrosity
    16 | D:1      | Noticed a shadow dragon
    18 | D:1      | Noticed an iron dragon
   430 | D:1      | Reached XP level 2. HP: 11/11 MP: 4/6
   667 | D:1      | Learned a level 2 spell: Call Imp
  1739 | D:2      | Reached XP level 3. HP: 14/14 MP: 4/7
  1814 | D:2      | Noticed Robin
  2131 | D:2      | Found a faded altar of an unknown god.
  2508 | D:2      | Learned a level 3 spell: Summon Guardian Golem
  2589 | D:2      | Reached XP level 4. HP: 11/18 MP: 2/8
  3120 | D:2      | Noticed Sigmund
  3223 | D:2      | Killed Robin
  4541 | D:3      | Identified the +7 hunting sling "Zoobiq" {freeze, rElec rC+
                  | Int-5 Dex+9}
  4868 | D:3      | Noticed Jessica
  4885 | D:3      | Mangled by Jessica
  4885 | D:3      | Killed Jessica
  4886 | D:3      | Reached XP level 3. HP: -6/14 MP: 5/8
  4886 | D:3      | Reached XP level 4. HP: 18/18 MP: 9/9
  5872 | D:4      | Reached XP level 5. HP: 21/21 MP: 10/10
  5903 | D:4      | Learned a level 3 spell: Call Canine Familiar
  6288 | D:4      | Reached skill level 5 in Summonings
  6554 | D:4      | Reached skill level 5 in Stealth
  6589 | D:4      | Noticed Duvessa
  6589 | D:4      | Noticed Dowan
  6659 | D:4      | Slain by Duvessa

Illustrated notes

Levels and vault maps discovered:
D:1:      shiori_arrival_whats_in_store_for_you, layout_basic,
          minmay_misc_feat_square, minmay_misc_feat_pillars, bh_walls_and_bars
D:2:      layout_basic, ebering_ecumenical_altar_petrified, kennysheep_donut,
          minmay_misc_feat_tower, minmay_crystal_water, minmay_close_crescents,
          uniq_sigmund, uniq_robin
D:3:      layout_loops_corners, uniq_jessica
D:4:      layout_basic, uniq_duvessa

Skill      XL: |  1  2  3  4  5 |
---------------+----------------+-----
Stealth        | 3 4 5 |  5.0
Dodging        | 3 4 |  4.8
Spellcasting   | 3 |  3.4
Summonings     | 5 |  5.0

Action                   |  1- 3 |  4- 6 || total
-------------------------+-------+-------++-------
Melee: Unarmed           |    61 |    92 ||   153
       Bite              |    10 |     8 ||    18
       Punch             |       |     2 ||     2
 Cast: Summon Small Mamm |    58 |    57 ||   115
       Call Imp          |     2 |    28 ||    30
       Summon Guardian G |     1 |     4 ||     5
       Call Canine Famil |       |     6 ||     6
  Use: Scroll            |       |     3 ||     3
 Stab: Distracted        |     2 |     2 ||     4
       Sleeping          |       |     5 ||     5
Armor: Skin              |     6 |     6 ||    12
Dodge: Dodged            |    61 |   102 ||   163
